 Dungeon Crawl Stone Soup version bcrawl-1.40.3b (webtiles) character file.

Game seed: 1715503942923582042

114525 petercordia the Magician (level 3, -3/28 HPs)
             Began as an Oni Necromancer on Jan 6, 2024.
             Slain by a sky beast (5 damage)
             ... on level 2 of the Dungeon.
             The game lasted 00:04:34 (1212 turns).

petercordia the Magician (Oni Necromancer)          Turns: 1212, Time: 00:04:35

Health: -3/28      AC:  2    Str: 11    XL:     3   Next: 47%
Magic:  6/10       EV: 12    Int: 17    God:
Gold:   25         SH:  0    Dex: 11    Spells: 8/9 levels left

rFire    + . .     GDR:     23% a - +0 dagger (pain)
rCold    x . .     SeeInvis .   (no shield)
rNeg     + . .     Gourm    .   b - +0 animal skin
rPois    +         Faith    .   (helmet restricted)
rElec    .         Spirit   .   (no cloak)
rCorr    .         Reflect  .   (no gloves)
MR       .....                  (no boots)
Stlth    ++........             (no amulet)
HPRegen  0.14/turn              j - ring "Ufurph" {Fire rPois rN+ MR-}
MPRegen  0.12/turn              (no ring)

@: no status effects
A: oni magic, claws 1, fangs 1, horns 1
a: no special abilities


You were on level 2 of the Dungeon.
You were hungry.

You visited 1 branch of the dungeon, and saw 2 of its levels.

You collected 25 gold pieces.

Inventory:

Hand Weapons
 a - a +0 dagger of pain (weapon)
Missiles
 f - 122 poisoned needles
 g - 268 sling bullets
 h - 101 stones (quivered)
 l - 138 bolts
 n - 147 arrows
Armour
 b - a +0 animal skin (worn)
Jewellery
 j - the ring "Ufurph" (left claw) {Fire rPois rN+ MR-}
   (You found it on level 1 of the Dungeon)

   [ring of fire]

   It enhances your fire magic.
   It protects you from fire.
   It makes you vulnerable to cold.
   It protects you from poison.
   It protects you from negative energy.
   It affects your resistance to hostile enchantments.
Scrolls
 c - 2 scrolls of remove curse
 d - 2 scrolls of fear
 o - a scroll of noise {unknown}
Potions
 i - a potion of haste {unknown}
 k - a potion of cancellation
Comestibles
 e - 4 rations {!d}


   Skills:
 + Level 1.4 Fighting
 - Level 1.7 Dodging
 - Level 1.7 Stealth
 * Level 3.5 Spellcasting
   Level 3.5 Conjurations
   Level 3.5 Hexes
   Level 3.5 Charms
   Level 3.5 Summonings
   Level 3.5 Necromancy
   Level 3.5 Translocations
   Level 3.5 Transmutations
   Level 3.5 Fire Magic
   Level 3.5 Ice Magic
   Level 3.5 Air Magic
   Level 3.5 Earth Magic
   Level 3.5 Poison Magic


You had 8 spell levels left.
You knew the following spells:

 Your Spells              Type           Power        Failure   Level  Hunger
a - Necrotize             Necr           ###...       3%          1    None

Your spell library contained the following spells:

 Spells                   Type           Power        Failure   Level  Hunger
 Throw Frost              Conj/Ice       ###...       2%          2    None
 Vampiric Draining        Necr           ###.......   10%         3    ####...
 Agony                    Necr           ###.....     30%         4    #####..
 Animate Dead             Necr           N/A          30%         4    #####..
 Dispel Undead            Necr           ###.....     65%         5    ######.


Dungeon Overview and Level Annotations

Branches:
Dungeon (2/12)

Altars:


Innate Abilities, Weirdness & Mutations

You learn spells by gaining experience, not through books or religion.
You only train spellcasting to practice magic.
You have sharp fingernails.
You have very sharp teeth.
You have a pair of small horns on your head.


Message History

Casting: Necrotize (safe; 3% risk of failure)
Confirm with . or Enter, or press ? or * to list all spells.
Aiming: Necrotize (safe; 3% risk of failure)
Press: ? - help, Shift-Dir - straight line, f - hobgoblin, p - sky beast
Aim: a hobgoblin, wielding a -2 club (chance to defeat MR: 86%)
The hobgoblin writhes in agony.
Your bat zombie hits the sky beast but does no damage. x2
The sky beast hits you. The sky beast shocks you.
* * * LOW HITPOINT WARNING * * *
Your bat zombie hits the sky beast but does no damage.
Casting: Necrotize (safe; 3% risk of failure)
Confirm with . or Enter, or press ? or * to list all spells.
Aiming: Necrotize (safe; 3% risk of failure)
Press: ? - help, Shift-Dir - straight line, p - hobgoblin The hobgoblin writhes in agony.
Your bat zombie hits the sky beast but does no damage. x2
The sky beast hits you.
* * * LOW HITPOINT WARNING * * *
The sky beast shocks you.
You die...

#.# #.#.#
#.#.# #.#.#
#.#.# #.#.#
##### #.#.#
#...# #.#g#
#.#.# #.#@#
...#.###.#Y#
#####.....#Z#
#...Z...#
#.###..## #.#
##.# ..# #.#
####### ##.#
#.#######..#


You could see a sky beast, a hobgoblin and a friendly bat zombie.

Vanquished Creatures
  An adder skeleton (D:2)
  2 worms (D:2)
  2 leopard geckos
  An orc (D:2)
  3 bats
  3 goblins (D:1)
  2 jackals (D:2)
  3 frilled lizards
  4 kobolds
  4 rats
25 creatures vanquished.

Vanquished Creatures (collateral kills)
  A worm (D:2)
1 creature vanquished.

Grand Total: 26 creatures vanquished

Notes
Turn   | Place    | Note
-------+----------+-------------------------------------------
     0 | D:1      | Reached skill level 3 in Spellcasting
     0 | D:1      | petercordia the Oni Necromancer began the quest for the
                  | Orb.
     0 | D:1      | Reached XP level 1. HP: 14/14 MP: 6/6
   231 | D:1      | Reached XP level 2. HP: 16/22 MP: 2/8
   476 | D:1      | Got a fine wooden ring
   674 | D:1      | Identified the ring "Ufurph" {Fire rPois rN+ MR-} (You
                  | found it on level 1 of the Dungeon)
   760 | D:2      | Reached skill level 1 in Fighting
   866 | D:2      | Reached XP level 3. HP: 27/28 MP: 6/9
  1069 | D:2      | Found a glowing silver altar of Zin.
  1196 | D:2      | Noticed a sky beast
  1212 | D:2      | Slain by a sky beast

Skill      XL: |  1  2 |
---------------+-------+-----
Spellcasting   | |  3.5
Fighting       | 1 |  1.4
Dodging        | |  1.7
Stealth        | |  1.7
Conjurations   | |  3.5
Hexes          | |  3.5
Charms         | |  3.5
Summonings     | |  3.5
Necromancy     | |  3.5
Translocations | |  3.5
Transmutations | |  3.5
Fire Magic     | |  3.5
Ice Magic      | |  3.5
Air Magic      | |  3.5
Earth Magic    | |  3.5
Poison Magic   | |  3.5

Action                   || total
-------------------------++-------
Melee: Dagger            ||     6
       Headbutt          ||     1
 Cast: Necrotize         ||    54
  Use: Scroll            ||     3
 Stab: Sleeping          ||     1
  Eat: Chunk             ||     1
Armor: Animal skin       ||     4
Dodge: Dodged            ||     9
